 Dungeon Crawl Stone Soup version 0.20-a0-1039-gf554463 (webtiles) character file.

2377 Gorglomux the Arsonist (level 9, -8/39 HPs)
             Began as a Vine Stalker Fire Elementalist on Apr 22, 2017.
             Was a Follower of Uskayaw.
             Engulfed by a cloud of flame (13 damage)
             ... on level 7 of the Dungeon.
             The game lasted 00:20:42 (8479 turns).

Gorglomux the Arsonist (VSFE)                       Turns: 8479, Time: 00:20:43

Health: -8/39      AC:  3    Str: 12    XL:     9   Next: 45%
Magic:  0/18       EV: 12    Int: 18    God:    Uskayaw [*.....]
Gold:   480        SH:  3    Dex: 14    Spells: 6/19 levels left

rFire    . . .     SeeInvis .   y - +1 trident (freeze)
rCold    . . .     Gourm    .   (no shield)
rNeg     . . .     Faith    .   a - +0 robe
rPois    .         Spirit   +   (no helmet)
rElec    .         Reflect  +   (no cloak)
rCorr    .         Harm     .   i - +0 pair of gloves
MR       +....                  (no boots)
Stlth    ++........             z - +3 amulet of reflection
Regen    0.6/turn               (no ring)
MPRegen  0.2/turn               (no ring)

@: starving
A: fangs 3, regeneration 1, magic shield, antimagic bite, no potion heal 3, rot
immunity
a: Stomp, Renounce Religion


You were on level 7 of the Dungeon.
You worshipped Uskayaw.
Uskayaw was noncommittal.
You were starving.

You visited 2 branches of the dungeon, and saw 9 of its levels.

You collected 480 gold pieces.

Inventory:

Hand Weapons
 d - a +0 whip
   (You found it on level 1 of the Dungeon)
 y - a +1 trident of freezing (weapon)
   (You took it off an orc priest on level 5 of the Dungeon)
Missiles
 u - 7 tomahawks of dispersal {=f}
Armour
 a - a +0 robe (worn)
 i - a +0 pair of gloves (worn)
   (You found it on level 1 of the Dungeon)
Magical Staves
 J - an uncursed staff of power {unknown}
   (You found it on level 7 of the Dungeon)
Jewellery
 m - an uncursed amulet of magic regeneration
   (You found it on level 2 of the Dungeon)
 x - the ring of Puiwuupp {Int+4 Stlth-}
   (You found it on level 5 of the Dungeon)

   [ring of loudness]

   It affects your intelligence (+4).
   It makes you less stealthy.
 z - a +3 amulet of reflection (around neck)
   (You found it on level 5 of the Dungeon)
Wands
 r - a wand of paralysis (5/24)
   (You took it off Ijyb on level 3 of the Dungeon)
 t - a wand of iceblast (3/15)
   (You found it on level 4 of the Dungeon)
 G - a wand of acid (9/15)
   (You found it on level 5 of the Dungeon)
Scrolls
 f - 3 scrolls of remove curse
 h - a scroll of random uselessness {unknown}
 p - a scroll of fog {unknown}
 q - a scroll of enchant armour
 v - a scroll of magic mapping {unknown}
 w - a scroll of recharging {unknown}
 A - 2 scrolls of noise {unknown}
 D - 2 scrolls of immolation {!r}
 E - 2 scrolls of amnesia {unknown}
 F - a scroll of fear {unknown}
 H - 2 scrolls of teleportation
Potions
 e - a potion of heal wounds
 g - a potion of mutation {unknown}
 j - a potion of flight {unknown}
 k - a potion of ambrosia {unknown}
 l - a potion of haste {unknown}
 n - a potion of brilliance {unknown}
 o - a potion of lignification {unknown}
 B - a potion of agility {unknown}
 C - a potion of berserk rage {unknown}
 I - a potion of curing {unknown}
Books
 b - a book of Flames
Comestibles
 c - 6 bread rations {@e1@e1}
 s - 5 meat rations {@e2@e2}


   Skills:
 - Level 1.6 Dodging
 - Level 2.5 Stealth
 + Level 5.9 Spellcasting
 * Level 7.7 Conjurations
 * Level 8.5 Fire Magic


You had 6 spell levels left.
You knew the following spells:

 Your Spells              Type           Power        Failure   Level  Hunger
a - Flame Tongue          Conj/Fire      ####.        1%          1    None
c - Conjure Flame         Conj/Fire      ####....     1%          3    ##.....
f - Fireball              Conj/Fire      ####......   12%         5    #####..
s - Sticky Flame          Conj/Fire      ####....     4%          4    ####...


Dungeon Overview and Level Annotations

Branches:
Dungeon (8/15)             Temple (1/1) D:6            Lair (0/6) D:8

Altars:
Ashenzari
Cheibriados
Dithmenos
Elyvilon
Fedhas
Gozag
Hepliaklqana
Kikubaaqudgha
Makhleb
Nemelex Xobeh
Okawaru
Qazlal
Ru
Trog
Uskayaw
Wu Jian
Xom
Yredelemnul
Zin
The Shining One

Annotations:
D:7 Pikel


Innate Abilities, Weirdness & Mutations

You have razor-sharp teeth.
Your natural rate of healing is unusually fast.
When hurt, damage is shared between your health and your magic reserves.
Your bite disrupts and absorbs the magic of your enemies.
Potions cannot restore your health.
You are immune to rotting.


Message History

You start resting.
You feel sick.
You are no longer poisoned.
Unknown command.
You start resting.
A worker ant comes into view.
Health restored: 39 You regained 2 mp, and now have 5/18 mp.
Aim: a worker ant (hasn't noticed you)
The flame tongue misses the worker ant.
The worker ant twitches its antennae in your direction.
You now have 4/18 mp.
Aim: a worker ant The flame tongue hits the worker ant.
The worker ant bites you.
You take 3 damage, and have 36/39 hp.
You now have 3/18 mp.
Aim: a worker ant (severely wounded)
The flame tongue hits the worker ant.
You kill the worker ant!
Unknown command.
You can't see any susceptible monsters within range! (Use Z to cast anyway.) Unknown command.
You can't see any susceptible monsters within range! (Use Z to cast anyway.) Unknown command.
You start resting.
Health restored: 39; MP restored: 18 You are near starving!
(D) Dungeon (T) Temple (L) Lair
Where to? (Enter - D:6 @ (x,y), ? - help)
There is a stone staircase leading down here.
You climb downwards.
Level annotation: Pikel
There is a stone staircase leading up here.
D - 2 scrolls labeled ZITUM EKEMPEO (gained 1)
You open the door.
There is an open door here.
As you open the door, it creaks loudly!
There is an open door here.
f - 3 scrolls of remove curse (gained 1)
You open the door.
There is an open door here.
You open the door.
There is an open door here.
There is an open door here.
You open the door.
There is an open door here.
You open the door.
There is an open door here.
D - 3 scrolls labeled ZITUM EKEMPEO (gained 1)
J - a curved glowing staff You see here a short sword.
You open the door.
There is an open door here.
You open the door.
There is an open door here.
A leopard gecko zombie comes into view.
As you read the scroll labeled ZITUM EKEMPEO, it crumbles to dust.
The creatures around you are filled with an inner flame!
It was a scroll of immolation.
You are starving!
Attack whom?
That would be overly suicidal.
Okay, then.
Attack whom?
That would be overly suicidal.
Okay, then.
Unknown command.
Attack whom?
Aim: a leopard gecko zombie (inner flame)
You reach to attack!
You hit the leopard gecko zombie but do no damage.
Attack whom?
Aim: a leopard gecko zombie (inner flame)
You closely miss the leopard gecko zombie.
You block the leopard gecko zombie's attack.
The leopard gecko zombie closely misses you.
Attack whom?
Aim: a leopard gecko zombie (inner flame)
You hit the leopard gecko zombie but do no damage.
The leopard gecko zombie closely misses you.
Unknown command.
Attack whom?
Aim: a leopard gecko zombie (inner flame)
You hit the leopard gecko zombie. The leopard gecko zombie bites you.
You take 2 damage, and have 37/39 hp.
You now have 16/18 mp.
Attack whom?
Aim: a leopard gecko zombie (moderately damaged, inner flame)
You barely miss the leopard gecko zombie.
You bite the leopard gecko zombie. You drain its power.
You feel invigorated. The leopard gecko zombie bites you.
The leopard gecko zombie misses you.
You take 1 damage, and have 36/39 hp.
MP restored: 18 Attack whom?
Aim: a leopard gecko zombie (severely damaged, inner flame)
You hit the leopard gecko zombie.
The leopard gecko zombie explodes!
The fiery explosion engulfs you!
Ouch! That really hurt!
* * * LOW HITPOINT WARNING * * *
You are engulfed in blazing flames.
You die...

#................#. #...
#.>..............##
+....#.................. ###
#...#..................
...##...#############'###..
.................. #...#..
................. #...#..
.........§§§..... #...'..
#.....@§§?.... #...#..
##.....§§§############..
#.........#.............
###'#######.............
#.......................
#######...............(.......
#.....#.......................
#.....#..........######.......
#.....#..........# #.......


There were no monsters in sight!

Vanquished Creatures
  An orc warrior (D:8)
  A sky beast (D:5)
  A phantom (D:6)
  A centaur (D:6)
  4 ogres
  A crocodile (D:8)
  2 bullfrogs
  A scorpion (D:6)
  11 killer bees
  2 howler monkeys
  2 crimson imps
  A jelly (D:5)
  2 hounds
  A bullfrog skeleton (D:7)
  2 orc priests
  2 iguanas
  7 orc wizards
  Ijyb (D:3)
  3 worker ants
  A hound skeleton (D:7)
  4 gnolls
  A howler monkey skeleton (D:4)
  11 adders
  A shadow imp (D:5)
  2 oozes
  2 adder zombies
  4 worms
  2 dart slugs (D:2)
  3 leopard geckos
  17 orcs
  6 bats
  7 giant cockroaches
  5 goblins
  8 hobgoblins
  9 jackals
  A quokka (D:6)
  A ball python (D:1)
  3 frilled lizards
  A jackal skeleton (D:6)
  7 kobolds
  A leopard gecko zombie (D:7)
  6 rats
149 creatures vanquished.

Notes
Turn   | Place    | Note
-------+----------+-------------------------------------------
     0 | D:1      | Gorglomux the Vine Stalker Fire Elementalist began the quest for the Orb.
     0 | D:1      | Reached XP level 1. HP: 9/9 MP: 4/4
   261 | D:1      | Reached XP level 2. HP: 9/13 MP: 1/6
   763 | D:1      | Reached XP level 3. HP: 12/16 MP: 1/7
   768 | D:1      | Learned a level 3 spell: Conjure Flame
  1378 | D:1      | Reached skill level 3 in Spellcasting
  1617 | D:2      | Found an opulent altar of Gozag.
  1626 | D:2      | Reached skill level 2 in Conjurations
  1690 | D:2      | Gained mutation: Your natural rate of healing is unusually fast. [Vine Stalker growth]
  1690 | D:2      | Reached XP level 4. HP: 21/21 MP: 5/9
  2421 | D:3      | Learned a level 4 spell: Sticky Flame
  2503 | D:3      | Reached skill level 4 in Fire Magic
  2553 | D:3      | Noticed Ijyb
  2647 | D:3      | Found a shimmering altar of Xom.
  2662 | D:3      | Reached XP level 5. HP: 24/24 MP: 7/10
  3222 | D:3      | Killed Ijyb
  3297 | D:4      | Reached skill level 3 in Conjurations
  3298 | D:4      | Reached XP level 6. HP: 22/28 MP: 1/12
  3434 | D:4      | Reached skill level 5 in Fire Magic
  3649 | D:4      | Reached skill level 4 in Conjurations
  3925 | D:4      | Reached XP level 7. HP: 29/32 MP: 5/13
  4184 | D:5      | Entered Level 5 of the Dungeon
  4198 | D:5      | Got a flickering turquoise ring
  4199 | D:5      | Identified the ring of Puiwuupp {Int+4 Stlth-} (You found it on level 5 of the Dungeon)
  4214 | D:5      | Reached skill level 4 in Spellcasting
  4464 | D:5      | Noticed a steam dragon
  4473 | D:5      | Noticed a steam dragon
  4476 | D:5      | You fall through a shaft for 3 floors!
  4586 | D:8      | Found a staircase to the Lair.
  4926 | D:8      | Reached skill level 5 in Conjurations
  4965 | D:8      | Reached skill level 6 in Fire Magic
  4973 | D:8      | Gained mutation: You have razor-sharp teeth. [Vine Stalker growth]
  4973 | D:8      | Reached XP level 8. HP: 34/36 MP: 2/15
  4986 | D:8      | HP: 8/36 [ogre/giant spiked club (28)]
  5013 | D:8      | HP: 4/36 [ogre/giant spiked club (18)]
  5181 | D:8      | Learned a level 5 spell: Fireball
  5233 | D:8      | Reached skill level 6 in Conjurations
  5267 | D:8      | HP: 4/36 [killer bee (6)]
  5272 | D:8      | Reached skill level 7 in Fire Magic
  5274 | D:8      | HP: 4/36 [poisoned by a killer bee]
  5282 | D:8      | HP: 7/36 [poisoned by a killer bee]
  5432 | D:8      | Reached skill level 5 in Spellcasting
  6236 | D:5      | Found a blossoming altar of Fedhas.
  6373 | D:5      | Found a sacrificial altar of Ru.
  6374 | D:5      | Found a sparkling altar of Nemelex Xobeh.
  6374 | D:5      | Found a burning altar of Makhleb.
  6510 | D:5      | Reached XP level 9. HP: 39/39 MP: 15/18
  7104 | D:6      | Reached skill level 7 in Conjurations
  7104 | D:6      | Reached skill level 8 in Fire Magic
  7712 | D:6      | Found a staircase to the Ecumenical Temple.
  7721 | Temple   | Entered the Ecumenical Temple
  7931 | Temple   | Gorglomux: !whichgod vs
  7931 | Temple   | beem: 568 recent wins: 65x The Shining One, 65x Uskayaw, 63x Trog, 48x Okawaru, 44x Cheibriados, 44x Gozag, 42x Zin, 26x Hepliaklqana, 25x Elyvilon, 24x Ru, 20x Ashenzari, 18x Makhleb, 17x Dithmenos, 11x Lugonu, 10x Wu Jian, 9x Nemelex Xobeh, 8x Yredelemnul, 5x Kikubaaqudgha, 5x Xom, 4x Vehumet, 3x Fedhas, 3x Pakellas, 3x Qazlal, 3x Jiyva, 2x, Wudzu
  7931 | Temple   | Gorglomux: !whichrole vs
  7931 | Temple   | beem: 568 recent wins: 177x Fighter, 75x Berserker, 69x Monk, 51x Assassin, 32x Gladiator, 27x Wanderer, 18x Artificer, 12x Arcane Marksman, 12x Summoner, 12x Warper, 11x Transmuter, 10x Enchanter, 9x Skald, 9x Conjurer, 9x Abyssal Knight, 7x Hunter, 6x Ice Elementalist, 6x Fire Elementalist, 5x Necromancer, 5x Chaos Knight, 3x Air Elementalist, Wizard, Venom Mage, Earth Elementalist
  7931 | Temple   | Gorglomux: !lg * vs god=usk -log
  7931 | Temple   | beem: 3191. ldc0302, XL11 VSFi, T:10326: https://webzook.net/soup/morgue/trunk/ldc0302/morgue-ldc0302-20170422-061504.txt
  7931 | Temple   | Gorglomux: !lg * vs god=usk -log win
  7931 | Temple   | beem: 66. BALZZI, XL27 VSFi, T:74265: https://webzook.net/soup/morgue/trunk/BALZZI/morgue-BALZZI-20170421-120415.txt
  7931 | Temple   | Gorglomux: !lg * vs god=usk -log win -2
  7931 | Temple   | beem: 65/66. nkym, XL27 VSFi, T:100376: http://lazy-life.ddo.jp:8080/morgue/nkym/morgue-nkym-20170330-035103.txt
  7961 | Temple   | Became a worshipper of Uskayaw the Reveler
  8097 | D:6      | Reached * piety under Uskayaw
  8153 | D:7      | Reached ** piety under Uskayaw
  8154 | D:7      | Reached *** piety under Uskayaw
  8156 | D:7      | Reached **** piety under Uskayaw
  8161 | D:7      | Noticed Pikel
  8479 | D:7      | HP: 5/39 [leopard gecko zombie/exploding inner flame[the player character] (31)]
  8479 | D:7      | Engulfed by a cloud of flame

Vault maps used:
D:1:      dpeg_arrival_chambers_temple_mockup
D:2:      grunt_gozag_statues
D:3:      lemuel_doored_altar, serial_bayou, serial_bayou_pond_b,
          serial_bayou_pond_c, serial_bayou_pond_a, serial_bayou_lagoon_b,
          uniq_ijyb
D:4:      first_bread, minivault_24, grunt_ministairs_9
D:5:      kennysheep_steamy, marbit_many_paths, gammafunk_temple_overflow_claw
D:6:      temple_hall, kennysheep_small_spiral
D:7:      lemuel_blue_sif_altar, uniq_pikel
D:8:      minmay_lair_entry_lava, blue_anna_alchemist, abandoned_shop
Temple:   eino_temple_water

Skill      XL: |  1  2  3  4  5  6  7  8  9 |
---------------+----------------------------+-----
Spellcasting   | 3 4 5 |  5.9
Conjurations   | 2 3 4 5 6 7 |  7.7
Fire Magic     | 4 5 6 7 8 |  8.5
Dodging        | |  1.6
Stealth        | |  2.5

Action                   |  1- 3 |  4- 6 |  7- 9 || total
-------------------------+-------+-------+-------++-------
Melee: Whip              |    10 |    29 |       ||    39
       Bite              |     1 |     8 |    16 ||    25
       Trident           |       |       |   140 ||   140
 Cast: Flame Tongue      |    67 |    95 |   119 ||   281
       Conjure Flame     |       |     3 |    10 ||    13
       Sticky Flame      |       |     2 |    13 ||    15
       Fireball          |       |       |     2 ||     2
  Use: Scroll            |       |       |     4 ||     4
       Potion            |       |       |     1 ||     1
 Stab: Paralysed         |       |       |     2 ||     2
  Eat: Chunk             |     3 |     7 |    11 ||    21
       Meat ration       |       |       |     1 ||     1
Armor: Robe              |    11 |    16 |    21 ||    48
Dodge: Dodged            |    26 |    59 |    82 ||   167
Block: Other             |       |       |    11 ||    11

Vault maps used:
D:1:      dpeg_arrival_chambers_temple_mockup
D:2:      grunt_gozag_statues
D:3:      lemuel_doored_altar, serial_bayou, serial_bayou_pond_b,
          serial_bayou_pond_c, serial_bayou_pond_a, serial_bayou_lagoon_b,
          uniq_ijyb
D:4:      first_bread, minivault_24, grunt_ministairs_9
D:5:      kennysheep_steamy, marbit_many_paths, gammafunk_temple_overflow_claw
D:6:      temple_hall, kennysheep_small_spiral
D:7:      lemuel_blue_sif_altar, uniq_pikel
D:8:      minmay_lair_entry_lava, blue_anna_alchemist, abandoned_shop
Temple:   eino_temple_water

Table legend:
 A = Turns spent in this place as a percentage of turns spent in the entire game.
 B = Non-inter-level travel turns spent in this place as a percentage of non-inter-level travel turns spent in the entire game.
 C = Inter-level travel turns spent in this place as a percentage of turns spent in this place.
 D = Turns resting spent in this place as a percentage of non-inter-level travel turns spent in this place.
 E = Turns spent auto-exploring this place as a percentage of non-inter-level travel turns spent in this place.
 F = Non-inter-level travel turns spent in this place divided by the number of levels of this place that you've seen.
                   A       B       C       D       E      F
               +-------+-------+-------+-------+-------+----------------------
         Total | 100.0 | 100.0 |   0.8 |   4.4 |   8.0 | 267.7
       Dungeon |  99.0 |  99.1 |   0.7 |   4.4 |   7.6 | 298.5
        Temple |   1.0 |   0.9 |  12.5 |   0.0 |  57.1 |  21.0
               +-------+-------+-------+-------+-------+----------------------

Table legend:
 A = Kills in this place as a percentage of kills in entire the game.
 B = Kills by you in this place as a percentage of kills by you in the entire game.
 C = Kills by friends in this place as a percentage of kills by friends in the entire game.
 D = Other kills in this place as a percentage of other kills in the entire game.
 E = Experience gained in this place as a percentage of experience gained in the entire game.
 F = Experience gained in this place divided by the number of levels of this place that you have seen.
                   A       B       C       D       E      F
               +-------+-------+-------+-------+-------+----------------------
         Total | 100.0 | 100.0 |  -nan |  -nan | 100.0 | 377.3
       Dungeon | 100.0 | 100.0 |  -nan |  -nan | 100.0 | 424.5
               +-------+-------+-------+-------+-------+----------------------
